AoeStats
← PALITOMAN

Arena

509468967Analyzed
4v4 RM · 5d ago on Sep 26, 2026· 38m 23s· 8 players
Game mode
Random Map
Map size
Large (8 player)
Population
200
Speed
Normal
Resources
Standard
Victory
Conquest
Starting age
Dark Age
Ending age
Imperial Age
RankedLock teamsTeams togetherTeam positionsShared explorationLock speedFull tech treeHidden civsTurbo modeCheats
Victory
Defeat
🇨🇦 Tatars · Canada
1144
+15
🇦🇷 Slavs · Argentina
1139
+15
🇪🇸 Berbers · Spain
1138
+15
🇪🇸 Burgundians · Spain
1120
+16
🇦🇷 Khmer · Argentina
1498
-28
🇦🇷 Lithuanians · Argentina
1052
-13
🇦🇷 Danes · Argentina
1006
-11
🇦🇷 Japanese · Argentina
950
-9
ElAguuz
11:15 Feudal Age
15:26 Castle Age
14:48 Double-Bit Axe
21:25 Loom
22:24 Wheelbarrow
21:35 Town Watch
23:15 Gold Mining
23:16 Horse Collar
23:49 Bow Saw
23:59 Hand Cart
24:35 Heavy Plow
24:48 Town Patrol
30:18 Imperial Age
28:21 Bloodlines
28:13 Husbandry
28:25 Forging
28:20 Scale Barding Armor
28:53 Fletching
29:03 Padded Archer Armor
29:57 Iron Casting
29:28 Elite Skirmisher
30:48 Ballistics
30:23 Murder Holes
30:25 Bodkin Arrow
31:01 Thumb Ring
31:17 Leather Archer Armor
32:06 Chemistry
30:53 Cavalier
32:42 Chain Barding Armor
golden229269
11:49 Feudal Age
18:02 Castle Age
17:41 Double-Bit Axe
17:42 Horse Collar
17:56 Gold Mining
18:18 Stone Mining
22:44 Heavy Plow
23:08 Squires
25:29 Wheelbarrow
26:29 Pikeman
26:57 Arson
27:35 Bow Saw
28:04 Gold Shaft Mining
32:36 Forging
32:27 Scale Mail Armor
36:05 Hand Cart
38:38 Husbandry
38:48 Bloodlines
EsteNoEsPaisa
11:41 Feudal Age
12:57 Double-Bit Axe
12:54 Horse Collar
17:11 Castle Age
17:48 Gambesons
18:07 Scale Mail Armor
18:17 Forging
24:45 Chain Mail Armor
25:05 Iron Casting
27:54 Padded Archer Armor
27:45 Fletching
27:27 Elite Skirmisher
[VA] Tano_Pacman
8:26 Feudal Age
8:10 Loom
10:59 Fletching
18:18 Double-Bit Axe
19:36 Wheelbarrow
25:54 Castle Age
24:31 Horse Collar
26:57 Bow Saw
31:13 Hand Cart
32:19 Stone Mining
32:20 Gold Mining
32:16 Town Watch
36:12 Gold Shaft Mining
38:40 Imperial Age
38:04 Bodkin Arrow
COBREL8A
8:24 Loom
10:12 Feudal Age
15:01 Castle Age
16:13 Fletching
17:11 Bodkin Arrow
21:00 Wheelbarrow
20:11 Town Watch
20:13 Loom
23:05 Scale Mail Armor
23:07 Padded Archer Armor
27:49 Hand Cart
27:55 Town Patrol
34:20 Leather Archer Armor
35:36 Double-Bit Axe
35:33 Horse Collar
ELTRAVERO
10:43 Feudal Age
10:24 Loom
11:57 Double-Bit Axe
12:30 Fletching
21:03 Town Watch
22:28 Wheelbarrow
26:31 Castle Age
25:55 Horse Collar
26:27 Scale Mail Armor
26:37 Forging
27:17 Gold Mining
27:18 Stone Mining
27:31 Heavy Plow
35:23 Bodkin Arrow
38:53 Imperial Age
38:49 Hand Cart
38:34 Town Patrol
eward17
11:03 Feudal Age
11:36 Double-Bit Axe
15:01 Castle Age
12:47 Horse Collar
15:52 Bow Saw
16:06 Heavy Plow
17:35 Wheelbarrow
23:26 Hand Cart
23:45 Gold Mining
23:46 Stone Mining
29:23 Imperial Age
26:40 Loom
26:42 Town Watch
27:01 Fletching
27:12 Padded Archer Armor
27:39 Scale Barding Armor
27:44 Forging
29:10 Chain Barding Armor
29:53 Iron Casting
30:00 Silk Armor
30:16 Bloodlines
30:07 Husbandry
29:28 Elite Steppe Lancer
30:31 Conscription
31:41 Plate Barding Armor
34:56 Blast Furnace
PALITOMAN
10:16 Feudal Age
10:22 Feudal Age
10:33 Feudal Age
12:56 Double-Bit Axe
15:52 Castle Age
17:23 Forging
21:18 Scale Barding Armor
21:30 Horse Collar
25:09 Wheelbarrow
27:16 Bow Saw
29:47 Hand Cart
29:56 Heavy Plow
30:37 Iron Casting
30:25 Chain Barding Armor
34:13 Imperial Age
32:48 Two-Man Saw
33:38 Padded Archer Armor
34:27 Ballistics
36:03 Chemistry
35:21 Leather Archer Armor
Connection lost

Rejoining the realm…

Still unreachable

The connection could not be restored.

Session expired

The server has moved on; the page needs a fresh start.